[Event "Titled Tuesday Blitz June 21 Late 2022"]
[White "Alexiadis, Hristos"]
[Black "Roberson, Peter T"]
[WhiteFideId "4249623"]
[BlackFideId "412384"]
[WhiteElo "2416"]
[BlackElo "2346"]
[Result "1-0"]
[Round "04"]
[TimeControl "180+1"]
[Date "2022.06.22"]
[WhiteClock "0:00:42"]
[BlackClock "0:00:08"]

1. e4 e5 2. Nf3 Nc6 3. Bb5 Nf6 4. d3 Bc5 5. Bxc6 dxc6 6. Be3 Bxe3 7. fxe3 Qe7 8. Nbd2 O-O 9. O-O c5 10. Qe1 Nd7 11. Nh4 g6 12. Qg3 Kh8 13. Rf2 f6 14. Raf1 Rf7 15. Ndf3 Rg7 16. h3 b6 17. Nh2 Ba6 18. Ng4 Rf8 19. b3 Rff7 20. Nh6 Rf8 21. Rf3 Bc8 22. Qf2 Qe6 23. Ng4 Rgf7 24. a4 a5 25. Kh1 Qe7 26. Qg3 c4 27. bxc4 Nc5 28. Nh6 Rg7 29. Qf2 Nd7 30. Ng4 Rgf7 31. Kg1 Kg7 32. Rg3 Kh8 33. Nh6 Rg7 34. N4f5 gxf5 35. Nxf5 Rxg3 36. Nxe7 Rg7 37. Nf5 Rg5 38. Qh4 Nc5 39. Kh2 Bxf5 40. Rxf5 Rxf5 41. exf5 Nxa4 42. Qh6 Kg8 43. g4 Nc3 44. g5 fxg5 45. Qxg5+ Kh8 46. Qe7 Kg8 47. Qxe5 Nd1 48. f6 a4 49. Qg5+ Kf7 50. Qg7+ 1-0


[Site "https://www.chess.com"]

[Event "Titled Tuesday Blitz June 21 Late 2022"]
[White "Al-Tarboush, Ward"]
[Black "Urbina Perez, Juan Antonio"]
[WhiteFideId "7601450"]
[BlackFideId "2217368"]
[WhiteElo "2249"]
[BlackElo "2192"]
[Result "1-0"]
[Round "04"]
[TimeControl "180+1"]
[Date "2022.06.22"]
[WhiteClock "0:01:42"]
[BlackClock "0:00:50"]

1. e4 e5 2. Nf3 Nc6 3. Bb5 Nf6 4. O-O Nxe4 5. d4 Nd6 6. Bxc6 dxc6 7. dxe5 Nf5 8. Qxd8+ Kxd8 9. Nc3 Ke8 10. h3 Be7 11. g4 Nh4 12. Nxh4 Bxh4 13. f4 h5 14. f5 hxg4 15. hxg4 Be7 16. Kg2 b6 17. Bf4 Bb7 18. Rad1 c5+ 19. Nd5 c4 20. Kf2 Bc5+ 21. Ke2 Rc8 22. e6 fxe6 23. fxe6 Bxd5 24. Rxd5 Ke7 25. Rd7+ Kxe6 26. Rxg7 Bd6 27. Bxd6 cxd6 28. Rxa7 Kd5 29. Re7 Rcg8 30. Rf5+ Kc6 31. Re4 b5 32. a4 Rh2+ 33. Rf2 Rxf2+ 34. Kxf2 d5 35. Re6+ Kc5 36. axb5 Kxb5 37. Kg3 Kc5 38. c3 Rb8 39. Re2 d4 40. Re5+ Kd6 41. cxd4 Rxb2 42. Rc5 Rb3+ 43. Kf4 c3 44. g5 Rb1 45. Rxc3 Rf1+ 46. Rf3 Rd1 47. Ke4 Rg1 48. Kf5 Kd5 49. Rf4 Kd6 50. Kf6 Kd7 51. g6 Ke8 52. g7 Rg2 53. Re4+ Kd7 54. Re5 1-0


[Site "https://www.chess.com"]

[Event "Titled Tuesday Blitz June 21 Late 2022"]
[White "Ambartsumova, Karina"]
[Black "Clarke, Brandon G I"]
[WhiteFideId "4166299"]
[BlackFideId "400319"]
[WhiteElo "2262"]
[BlackElo "2414"]
[Result "1-0"]
[Round "04"]
[TimeControl "180+1"]
[Date "2022.06.21"]
[WhiteClock "0:00:15"]
[BlackClock "0:00:01"]

1. Nf3 Nf6 2. g3 g6 3. Bg2 Bg7 4. d4 O-O 5. O-O d6 6. b3 c5 7. Bb2 cxd4 8. Nxd4 d5 9. c4 dxc4 10. bxc4 Qb6 11. Qb3 Nfd7 12. e3 Rd8 13. Nc3 e6 14. Rfd1 Nc5 15. Qc2 Nc6 16. Nxc6 Rxd1+ 17. Rxd1 bxc6 18. Na4 Nxa4 19. Bxg7 Kxg7 20. Qxa4 Bb7 21. h4 c5 22. Rd7 Bxg2 23. Kxg2 h5 24. e4 a6 25. Qc2 Qc6 26. Qc3+ Kg8 27. Qd3 Rb8 28. Kh3 e5 29. Rd6 Qc8+ 30. Kg2 Qc7 31. Qd5 Qe7 32. Qxc5 Kh7 33. Qd5 Rb2 34. Rd7 Qe8 35. Rxf7+ Kh6 36. c5 Rc2 37. Rf3 Qe7 38. c6 Qe8 39. Qd7 1-0


[Site "https://www.chess.com"]

[Event "Titled Tuesday Blitz June 21 Late 2022"]
[White "Artemenko, Oleg"]
[Black "Tari, Aryan"]
[WhiteFideId "14201798"]
[BlackFideId "1510045"]
[WhiteElo "2287"]
[BlackElo "2567"]
[Result "0-1"]
[Round "04"]
[TimeControl "180+1"]
[Date "2022.06.21"]
[WhiteClock "0:00:11"]
[BlackClock "0:00:18"]

1. e4 e5 2. Nf3 Nc6 3. d4 exd4 4. Nxd4 Qf6 5. Nxc6 dxc6 6. Qf3 Be6 7. Nc3 Qg6 8. Bd3 Bb4 9. O-O Ne7 10. Ne2 Bg4 11. Qg3 Bxe2 12. Bxe2 Bd6 13. Qh3 Qxe4 14. Bd3 Qe6 15. Qh4 Ng6 16. Qh5 O-O 17. Bd2 Rae8 18. f4 Qd5 19. Qh3 c5 20. b3 b5 21. Bc3 c4 22. bxc4 bxc4 23. Bxg6 fxg6 24. Rad1 Qc5+ 25. Kh1 Qe3 26. Qxe3 Rxe3 27. Bd4 Ra3 28. Be5 Rxa2 29. Bxd6 cxd6 30. Rxd6 Rxc2 31. h4 h5 32. Rxg6 Rc8 33. f5 Kf7 34. Ra6 Rc7 35. Rg6 c3 36. Rg5 Rd2 37. f6 g6 38. Re5 c2 39. Ree1 Rcd7 40. Rc1 Rd1 41. Kh2 Rxf1 42. Rxf1 Rd1 43. Rxd1 cxd1=Q 0-1


[Site "https://www.chess.com"]

[Event "Titled Tuesday Blitz June 21 Late 2022"]
[White "Baches Garcia, Guillermo"]
[Black "Pappelis, Dimitrios"]
[WhiteFideId "2209764"]
[BlackFideId "4215281"]
[WhiteElo "2461"]
[BlackElo "1998"]
[Result "1-0"]
[Round "04"]
[TimeControl "180+1"]
[Date "2022.06.22"]
[WhiteClock "0:00:02"]
[BlackClock "0:00:53"]

1. e4 c5 2. Nf3 Nc6 3. d4 cxd4 4. Nxd4 Nf6 5. Nc3 e6 6. Ndb5 d6 7. Bf4 e5 8. Bg5 a6 9. Na3 Be6 10. Nc4 Rc8 11. Bxf6 Qxf6 12. Nb6 Rb8 13. Ncd5 Qd8 14. Bc4 Be7 15. a4 O-O 16. a5 Kh8 17. O-O Bg5 18. b4 Ne7 19. c3 g6 20. f4 exf4 21. Nxf4 Bxf4 22. Rxf4 Bxc4 23. Qd4+ Kg8 24. Qxc4 Nc6 25. Raf1 Ne5 26. Qd4 Qc7 27. Nd5 Qc4 28. Nf6+ Kg7 29. Qxd6 Nd3 30. Nd5 f5 31. exf5 Nxf4 32. f6+ Kh8 33. Rxf4 Qd3 34. Qe7 Rg8 35. Qxh7+ Kxh7 36. Rh4# 1-0


[Site "https://www.chess.com"]

[Event "Titled Tuesday Blitz June 21 Late 2022"]
[White "Barria Zuniga, Daniel"]
[Black "Barria Santos, Jose Guilherme"]
[WhiteFideId "3400816"]
[BlackFideId "1939300"]
[WhiteElo "2414"]
[BlackElo "2261"]
[Result "1/2-1/2"]
[Round "04"]
[TimeControl "180+1"]
[Date "2022.06.22"]
[WhiteClock "0:00:19"]
[BlackClock "0:00:15"]

1. d4 Nf6 2. c4 e6 3. Nf3 d5 4. Nc3 dxc4 5. e3 c5 6. Bxc4 Nc6 7. O-O cxd4 8. exd4 Be7 9. Bg5 O-O 10. Re1 b6 11. a3 Bb7 12. Ba2 Rc8 13. Qd3 Nd5 14. Bxd5 Bxg5 15. Be4 g6 16. Rad1 Bf6 17. d5 exd5 18. Bxd5 Na5 19. Qe4 Qc7 20. Nb5 Bxd5 21. Qxd5 Qc5 22. b4 Qxd5 23. Rxd5 Nc4 24. Nxa7 Ra8 25. Nb5 Nxa3 26. Rd6 Nxb5 27. Rxf6 Ra4 28. Rxb6 Rxb4 29. h4 Rb3 30. h5 gxh5 31. Re5 Nd4 32. Rg5+ Kh8 33. Rxb3 Nxb3 34. Rxh5 Rb8 35. Ng5 Kg7 36. Rxh7+ Kg6 37. Rxf7 Kxg5 38. Rf3 Nd4 39. Rg3+ Kf4 40. Re3 Nf5 41. g3+ Kg4 42. Re4+ Kg5 43. Kg2 Rb3 44. Rf4 Rb2 45. Kg1 Rd2 46. Kg2 Ne3+ 47. Kf3 Nd5 48. Re4 Rd3+ 49. Ke2 Rd1 50. f4+ Kf6 51. Kxd1 Nc3+ 52. Ke1 Nxe4 53. g4 Nd6 54. Ke2 Kg6 55. Kf3 Kf6 56. Kg3 Kg6 57. Kf3 Kf6 58. Ke3 Kg6 59. Kd4 Kf6 60. Kd3 Ke6 61. Kd4 Nf5+ 62. Ke4 Nd6+ 63. Kd4 Nf5+ 64. gxf5+ Kxf5 65. Ke3 Kf6 66. Ke4 Ke6 67. Kf3 Kf5 68. Kg3 Kf6 69. Kg4 Kg6 70. f5+ Kf6 71. Kf4 Kf7 72. Ke5 Ke7 73. Ke4 Kf6 74. Kf4 Kf7 75. Kg4 Kf6 76. Kf4 1/2-1/2


[Site "https://www.chess.com"]

[Event "Titled Tuesday Blitz June 21 Late 2022"]
[White "Bernat, David"]
[Black "Roque Sola, Gisela"]
[WhiteFideId "2099225"]
[BlackFideId "5120241"]
[WhiteElo "2291"]
[BlackElo "1863"]
[Result "0-1"]
[Round "04"]
[TimeControl "180+1"]
[Date "2022.06.22"]
[WhiteClock "0:00:08"]
[BlackClock "0:00:12"]

1. c4 e5 2. Nc3 Nc6 3. g3 Bc5 4. Bg2 d6 5. e3 a6 6. Nge2 Ba7 7. O-O h5 8. h3 f5 9. d4 h4 10. dxe5 Nxe5 11. f4 Nxc4 12. Qb3 Bxe3+ 13. Kh1 Be6 14. Bxe3 hxg3 15. Nd4 Rxh3+ 16. Bxh3 Qh4 17. Nf3 Qxh3+ 18. Kg1 g2 19. Rfe1 Qxf3 20. Bf2 Kf7 21. Rxe6 Qh3 22. Bd4 Kxe6 23. Qxc4+ Kd7 24. Rd1 Nh6 25. Qe2 Qh1+ 26. Kf2 Ng4+ 27. Kg3 Qh2+ 28. Kf3 Qh3# 0-1


[Site "https://www.chess.com"]

[Event "Titled Tuesday Blitz June 21 Late 2022"]
[White "Bluebaum, Matthias"]
[Black "Rustemov, Alexander"]
[WhiteFideId "24651516"]
[BlackFideId "4119002"]
[WhiteElo "2556"]
[BlackElo "2729"]
[Result "1/2-1/2"]
[Round "04"]
[TimeControl "180+1"]
[Date "2022.06.21"]
[WhiteClock "0:00:10"]
[BlackClock "0:00:30"]

1. d4 d5 2. c4 c6 3. Nc3 dxc4 4. e4 b5 5. Nf3 e6 6. Qc2 Bb7 7. Be2 a6 8. O-O Nf6 9. b3 cxb3 10. axb3 Be7 11. e5 Nd5 12. Ne4 a5 13. Bg5 O-O 14. Bxe7 Qxe7 15. Neg5 g6 16. Ne4 Na6 17. Qd2 Nab4 18. Qh6 f6 19. exf6 Nxf6 20. Nc5 Bc8 21. Ne5 Nfd5 22. h4 Qg7 23. Qd2 Ra7 24. g3 Rd8 25. Rfd1 Ne7 26. Bg4 Nf5 27. Bxf5 exf5 28. Qc3 Nd5 29. Qe1 Nb4 30. Rxa5 Rxa5 31. Qxb4 Ra2 32. Nxc6 Re8 33. Nd3 Bb7 34. Qxb5 Qd7 35. d5 Ree2 36. Nc5 Qc7 37. Qxb7 Qxg3+ 38. fxg3 Rg2+ 39. Kf1 Raf2+ 40. Ke1 Re2+ 41. Kf1 Ref2+ 42. Ke1 Re2+ 43. Kf1 Ref2+ 1/2-1/2


[Site "https://www.chess.com"]

[Event "Titled Tuesday Blitz June 21 Late 2022"]
[White "Bortnyk, Mykola"]
[Black "Xiong, Jeffery"]
[WhiteFideId "14120836"]
[BlackFideId "2047640"]
[WhiteElo "2582"]
[BlackElo "2714"]
[Result "1-0"]
[Round "04"]
[TimeControl "180+1"]
[Date "2022.06.21"]
[WhiteClock "0:00:56"]
[BlackClock "0:01:08"]

1. e4 e5 2. Nf3 Nf6 3. Nxe5 d6 4. Nf3 Nxe4 5. Bd3 Nf6 6. O-O Be7 7. c3 O-O 8. h3 d5 9. Bc2 Bd6 10. d4 h6 11. Re1 Nc6 12. Nbd2 Ne7 13. Nf1 Bf5 14. Ne3 Bxc2 15. Qxc2 Re8 16. Bd2 Ng6 17. Nf5 Ne4 18. c4 c6 19. cxd5 cxd5 20. Qb3 Qd7 21. Nxd6 Qxd6 22. Be3 Qd7 23. Rac1 Rac8 24. Rxc8 Rxc8 25. Ne5 Nxe5 26. dxe5 Rc4 27. Rd1 Qc6 28. Bxa7 Rc2 29. Be3 Rc4 30. Qd3 Rc2 31. Qxd5 Qxd5 32. Rxd5 Rxb2 33. a4 Nc3 34. Rd8+ Kh7 35. a5 Rb5 36. Bb6 Nd5 37. Rd7 Nxb6 38. axb6 Rxe5 39. Rxf7 Rb5 40. Rxb7 1-0


[Site "https://www.chess.com"]

[Event "Titled Tuesday Blitz June 21 Late 2022"]
[White "Boyer, Mahel"]
[Black "Martin Carmona, Gaston Manuel"]
[WhiteFideId "45102422"]
[BlackFideId "22284567"]
[WhiteElo "2400"]
[BlackElo "2162"]
[Result "1-0"]
[Round "04"]
[TimeControl "180+1"]
[Date "2022.06.21"]
[WhiteClock "0:00:05"]
[BlackClock "0:00:29"]

1. e4 c5 2. Nf3 d6 3. c3 Nf6 4. Bd3 Nc6 5. O-O g6 6. Bc2 Bg7 7. d4 cxd4 8. cxd4 Bg4 9. Be3 O-O 10. Nbd2 Nd7 11. h3 Bxf3 12. Nxf3 Rc8 13. Rc1 Qa5 14. a3 Nb6 15. Bb3 Qh5 16. Qd3 Na5 17. Ba2 Na4 18. b4 Nc6 19. Kh2 g5 20. Nxg5 Qg6 21. f4 h6 22. Nf3 Nb6 23. Nh4 Qf6 24. Nf5 Bh8 25. e5 dxe5 26. fxe5 Qg6 27. Bxh6 Kh7 28. Bxf8 Rxf8 29. Rf4 Nxe5 30. Rh4+ Kg8 31. dxe5 Bxe5+ 32. Kh1 Qf6 33. Nxe7+ 1-0


[Site "https://www.chess.com"]

[Event "Titled Tuesday Blitz June 21 Late 2022"]
[White "Cappelletto, Joshuaede"]
[Black "Pesotskiy, Mikhail"]
[WhiteFideId "2824383"]
[BlackFideId "34164453"]
[WhiteElo "1761"]
[BlackElo "2010"]
[Result "1-0"]
[Round "04"]
[TimeControl "180+1"]
[Date "2022.06.22"]
[WhiteClock "0:00:01"]
[BlackClock "0:00:45"]

1. Nf3 Nf6 2. g3 b6 3. Bg2 Bb7 4. O-O e6 5. d3 Be7 6. e4 O-O 7. Re1 c5 8. Nbd2 d6 9. b3 Nc6 10. Bb2 e5 11. Nf1 Nd4 12. Ne3 g6 13. c3 Nxf3+ 14. Qxf3 Qd7 15. Rad1 Rad8 16. h4 h5 17. Nd5 Bxd5 18. exd5 Ng4 19. d4 f5 20. dxe5 Nxe5 21. Qe2 Bf6 22. c4 Rde8 23. Qc2 Kf7 24. Rf1 Re7 25. a3 Rfe8 26. b4 Ng4 27. bxc5 bxc5 28. Rd2 Re1 29. Bxf6 Nxf6 30. Qc3 Ne4 31. Bxe4 R1xe4 32. Rb2 Qe7 33. Qc1 Re2 34. Qb1 Qe5 35. Rb7+ Re7 36. Rxe7+ Qxe7 37. Qb8 Rc2 38. Rb1 Kf6 39. Qh8+ Kf7 40. Qh7+ Kf6 41. Qh8+ Kf7 42. Qh7+ Ke8 43. Qh8+ Kd7 44. Rb7# 1-0


[Site "https://www.chess.com"]

[Event "Titled Tuesday Blitz June 21 Late 2022"]
[White "Carbone, Diego"]
[Black "Lopez Perdomo, Juan David"]
[WhiteFideId "3002179"]
[BlackFideId "4405137"]
[WhiteElo "2199"]
[BlackElo "1997"]
[Result "1-0"]
[Round "04"]
[TimeControl "180+1"]
[Date "2022.06.22"]
[WhiteClock "0:00:10"]
[BlackClock "0:00:01"]

1. d4 c5 2. d5 e6 3. c4 exd5 4. cxd5 d6 5. Nc3 Nf6 6. e4 g6 7. Nge2 Bg7 8. Ng3 O-O 9. Be2 Na6 10. O-O Nc7 11. a4 b6 12. Bg5 Re8 13. Qd2 Bd7 14. h3 a6 15. f4 b5 16. e5 dxe5 17. d6 Ne6 18. fxe5 Nxg5 19. exf6 Bxf6 20. axb5 Bd4+ 21. Kh1 Nxh3 22. gxh3 Qh4 23. Bf3 Bxh3 24. Qh2 Be5 25. Rg1 Rad8 26. bxa6 g5 27. Bd5 g4 28. Ra4 Rxd6 29. a7 Rxd5 30. Nxd5 Bxg3 31. a8=Q Rxa8 32. Rxa8+ Kg7 33. Rxg3 f5 34. Nf4 Qg5 35. Nxh3 Qc1+ 36. Rg1 1-0


[Site "https://www.chess.com"]

[Event "Titled Tuesday Blitz June 21 Late 2022"]
[White "Daggupati, Balaji"]
[Black "Senthilkumar, Pranav"]
[WhiteFideId "2090759"]
[BlackFideId "2083477"]
[WhiteElo "2672"]
[BlackElo "2439"]
[Result "1-0"]
[Round "04"]
[TimeControl "180+1"]
[Date "2022.06.22"]
[WhiteClock "0:02:42"]
[BlackClock "0:01:50"]

1. e4 c5 2. Nf3 e6 3. d4 cxd4 4. Nxd4 Nc6 5. Nc3 Qc7 6. Be2 a6 7. O-O Nf6 8. Kh1 Bb4 9. Bg5 Bxc3 10. Bxf6 Bxb2 11. Bxg7 Rg8 12. Rb1 Rxg7 13. Rxb2 Qe5 14. Nxc6 Qxb2 15. Nd4 b5 16. e5 Bb7 17. Bf3 Bxf3 18. Qxf3 Rd8 19. Rd1 Kf8 20. Nxe6+ Kg8 21. Nxg7 Kxg7 22. Qf6+ Kg8 23. Qxd8+ Kg7 24. Qg5+ 1-0


[Site "https://www.chess.com"]

[Event "Titled Tuesday Blitz June 21 Late 2022"]
[White "De La Colina, Nicolas"]
[Black "Barp, Alberto"]
[WhiteFideId "30946921"]
[BlackFideId "872555"]
[WhiteElo "2046"]
[BlackElo "2229"]
[Result "0-1"]
[Round "04"]
[TimeControl "180+1"]
[Date "2022.06.22"]
[WhiteClock "0:00:03"]
[BlackClock "0:00:43"]

1. e4 d6 2. d4 Nf6 3. Nc3 e5 4. dxe5 dxe5 5. Qxd8+ Kxd8 6. Bg5 Be6 7. g3 Nd7 8. f4 h6 9. Bxf6+ Nxf6 10. f5 Bd7 11. O-O-O Bd6 12. Bc4 Ke7 13. Nd5+ Nxd5 14. Bxd5 c6 15. Bb3 f6 16. Nf3 a5 17. c3 b5 18. g4 Bc5 19. Nh4 Rhd8 20. Ng6+ Ke8 21. h4 a4 22. Be6 Bxe6 23. fxe6 Rxd1+ 24. Rxd1 Rd8 25. h5 Rxd1+ 26. Kxd1 Bf2 27. Ke2 Bg3 28. Kf3 Be1 29. Ke2 Bg3 30. Kf3 Be1 31. Ke2 a3 32. bxa3 Bxc3 33. Nh4 Bb2 34. Nf5 Kf8 35. e7+ Kf7 36. Nxg7 Kxe7 37. Nf5+ Ke6 38. Nxh6 Bxa3 39. Nf5 Bf8 40. h6 Kf7 41. h7 Bg7 42. Nd6+ Kg6 43. Nc8 Kxh7 44. Na7 Kg6 45. Nxc6 Kg5 46. Kf3 Bf8 47. Nd8 Be7 48. Nc6 Bd6 49. Nd8 Kg6 50. Nc6 Kf7 51. Na5 Ke6 52. Nb3 Kd7 53. Ke2 Kc6 54. Kd3 Bf8 55. Ke2 b4 56. Kd3 Kb5 0-1


[Site "https://www.chess.com"]

[Event "Titled Tuesday Blitz June 21 Late 2022"]
[White "Deac, Bogdan-Daniel"]
[Black "Dardha, Daniel"]
[WhiteFideId "1226380"]
[BlackFideId "240990"]
[WhiteElo "2648"]
[BlackElo "2482"]
[Result "0-1"]
[Round "04"]
[TimeControl "180+1"]
[Date "2022.06.21"]
[WhiteClock "0:00:02"]
[BlackClock "0:00:24"]

1. e4 e5 2. Nf3 Nc6 3. Bb5 Nf6 4. d3 Bc5 5. Bxc6 dxc6 6. Nbd2 Nd7 7. Nc4 Qe7 8. c3 Bd6 9. O-O O-O 10. Re1 Nb6 11. Na5 c5 12. a3 Rb8 13. b4 Bd7 14. Be3 Na4 15. Qc2 b6 16. Nc4 b5 17. Nxd6 cxd6 18. bxc5 dxc5 19. d4 cxd4 20. cxd4 Rfc8 21. Qd2 exd4 22. Bxd4 Be6 23. Qf4 Rd8 24. h4 h6 25. h5 Rbc8 26. Qg3 f6 27. e5 f5 28. Be3 Kh8 29. Nh4 Qf7 30. Ng6+ Kh7 31. Rac1 Rc4 32. f3 Nc3 33. Nf4 Kh8 34. Kh2 Nd5 35. Ng6+ Kh7 36. Rxc4 bxc4 37. Qf2 f4 38. Bc1 Qf5 39. Qh4 Re8 40. Nxf4 Nxf4 41. Bxf4 c3 42. Bc1 c2 43. Re4 Bf7 44. Qf2 Rxe5 45. Qxc2 Qxh5+ 46. Rh4+ Bg6 47. Qc4 Qf5 48. Qc7 h5 49. Bf4 Re2 50. Qd6 Qc2 0-1


[Site "https://www.chess.com"]

[Event "Titled Tuesday Blitz June 21 Late 2022"]
[White "Desideri, Ricardo Maruchi"]
[Black "Kovacevic, Radmila"]
[WhiteFideId "2110440"]
[BlackFideId "933171"]
[WhiteElo "1945"]
[BlackElo "2115"]
[Result "0-1"]
[Round "04"]
[TimeControl "180+1"]
[Date "2022.06.22"]
[WhiteClock "0:00:02"]
[BlackClock "0:00:21"]

1. e4 e5 2. Nf3 d5 3. d3 dxe4 4. dxe4 Qxd1+ 5. Kxd1 Nc6 6. Nc3 Bg4 7. Bd3 Nd4 8. Be2 Nf6 9. h3 Bxf3 10. Bxf3 O-O-O 11. Bd2 Bc5 12. Ne2 Nxf3 13. gxf3 Bxf2 14. Kc1 Rd7 15. Bc3 Be3+ 16. Kb1 Rhd8 17. b3 Rd1+ 18. Rxd1 Rxd1+ 19. Kb2 Rxa1 20. Kxa1 Nd7 21. Ng3 g6 22. Nf1 Bf2 23. Nd2 b5 24. b4 Kd8 25. Nb3 Ke7 26. Kb2 Ke6 27. Kc1 Nb6 28. Na5 Na4 29. Ba1 Be1 30. Nc6 a6 31. a3 f6 32. Nb8 a5 33. bxa5 Bxa5 34. Nc6 Bb6 35. Nb4 Bc5 36. Nd5 Bxa3+ 37. Kd1 Bd6 38. Ke2 Nb6 39. Kd3 Nxd5 40. exd5+ Kxd5 41. Bc3 b4 42. Bd2 c5 43. Bh6 c4+ 44. Kd2 Bc5 45. Bg7 f5 46. Bh6 f4 47. Bg7 Be3+ 48. Kd1 b3 49. cxb3 cxb3 50. Bf8 b2 0-1


[Site "https://www.chess.com"]

[Event "Titled Tuesday Blitz June 21 Late 2022"]
[White "Diaz Rosas, Julio Cesar"]
[Black "Nilsen, Tobias Lang"]
[WhiteFideId "5105099"]
[BlackFideId "1521624"]
[WhiteElo "2278"]
[BlackElo "2014"]
[Result "1-0"]
[Round "04"]
[TimeControl "180+1"]
[Date "2022.06.22"]
[WhiteClock "0:02:11"]
[BlackClock "0:02:36"]

1. d4 Nf6 2. c4 e6 3. Nc3 Bb4 4. a3 Bxc3+ 5. bxc3 c5 6. e3 O-O 7. Bd3 d6 8. e4 h6 9. Ne2 e5 10. O-O Nc6 11. d5 Na5 12. f4 exf4 13. Bxf4 Ng4 14. Ng3 Nxh2 15. Kxh2 Qh4+ 16. Kg1 Bg4 17. Qe1 f5 18. Nxf5 Bxf5 19. Qxh4 1-0


[Site "https://www.chess.com"]

[Event "Titled Tuesday Blitz June 21 Late 2022"]
[White "Domingo Nunez, Alejandro"]
[Black "Culum, Sanjin"]
[WhiteFideId "22245561"]
[BlackFideId "14420937"]
[WhiteElo "2215"]
[BlackElo "2013"]
[Result "1-0"]
[Round "04"]
[TimeControl "180+1"]
[Date "2022.06.22"]
[WhiteClock "0:00:54"]
[BlackClock "0:00:27"]

1. Nf3 Nf6 2. g3 g6 3. b3 Bg7 4. Bb2 O-O 5. Bg2 d6 6. d4 Nc6 7. O-O e5 8. dxe5 Ng4 9. c4 Ngxe5 10. Nxe5 dxe5 11. Nc3 Bf5 12. Nd5 Nd4 13. e3 Nc2 14. e4 Bxe4 15. Bxe4 Nxa1 16. Qxa1 f5 17. Bg2 c6 18. Bxe5 Bxe5 19. Qxe5 cxd5 20. Bxd5+ Rf7 21. Re1 Qb8 22. Qxb8+ Rxb8 23. Re7 1-0


[Site "https://www.chess.com"]

[Event "Titled Tuesday Blitz June 21 Late 2022"]
[White "Domingo Nunez, Ruben"]
[Black "Paravyan, David"]
[WhiteFideId "22245570"]
[BlackFideId "4194985"]
[WhiteElo "2376"]
[BlackElo "2569"]
[Result "0-1"]
[Round "04"]
[TimeControl "180+1"]
[Date "2022.06.21"]
[WhiteClock "0:00:35"]
[BlackClock "0:02:26"]

1. c4 Nf6 2. Nc3 d5 3. cxd5 Nxd5 4. g3 e5 5. Bg2 Nxc3 6. bxc3 Bd6 7. Qa4+ Bd7 8. Qb3 Nc6 9. Qxb7 Rb8 10. Qa6 O-O 11. Nf3 e4 12. Ng1 Ne5 13. Qxa7 Qe7 14. Qd4 Bc5 15. Qxe4 Bc6 16. Qxc6 Nxc6 17. Bxc6 Bxf2+ 18. Kxf2 Qc5+ 19. Kg2 Qxc6+ 20. Nf3 Rfe8 21. Kf2 Qc5+ 22. Nd4 Rb6 23. a4 Rf6+ 24. Ke1 Qd5 25. Rg1 c5 26. Nc2 Rxe2+ 27. Kxe2 Qf3+ 28. Ke1 Qf2+ 29. Kd1 Qxg1+ 30. Ke2 Re6+ 31. Kd3 Qf1# 0-1


[Site "https://www.chess.com"]

[Event "Titled Tuesday Blitz June 21 Late 2022"]
[White "Dubov, Daniil"]
[Black "Levine, Joseph"]
[WhiteFideId "24126055"]
[BlackFideId "30940346"]
[WhiteElo "2791"]
[BlackElo "1802"]
[Result "1/2-1/2"]
[Round "04"]
[TimeControl "180+1"]
[Date "2022.06.21"]
[WhiteClock "0:01:46"]
[BlackClock "0:00:03"]

1. d4 d5 2. Nf3 Nf6 3. c4 e6 4. Nc3 dxc4 5. e4 Bb4 6. Bxc4 Nxe4 7. O-O Nxc3 8. bxc3 Be7 9. Re1 O-O 10. h4 Bxh4 11. Nxh4 Qxh4 12. Re3 e5 13. Rxe5 Nc6 14. Bg5 Qg4 15. Be2 Qd7 16. Re3 Qf5 17. Rg3 Re8 18. Bd3 Qd5 19. Qh5 g6 20. Qh6 Qd6 21. Bf4 Qf8 22. Qh4 Be6 23. Bh6 Qe7 24. Bg5 Qf8 25. Bf6 Ne7 26. Re1 Nf5 27. Bxf5 Bxf5 28. Be7 Qg7 29. Rge3 Be6 30. Bf6 Qf8 31. g4 Bd7 32. Kg2 Rxe3 33. Rxe3 Re8 34. Be7 Qg7 35. g5 Bc6+ 36. Kg3 h5 37. gxh6 Qh8 38. Bf6 Rxe3+ 39. fxe3 Qh7 40. Bg7 g5 41. Qxg5 Qg6 42. Qxg6 fxg6 43. Be5 Kh7 44. Bxc7 Kxh6 45. Kf4 Bd5 46. a3 Bc4 47. e4 g5+ 48. Kf5 Kh5 49. d5 g4 50. d6 Bb5 51. e5 g3 52. e6 g2 53. d7 g1=Q 54. d8=Q Bd3+ 55. Qxd3 Qg6+ 56. Ke5 Qxd3 57. Kf6 Qg6+ 58. Ke7 Qg7+ 59. Kd8 Qf6+ 60. e7 b5 61. Kd7 Qf5+ 62. Kd8 Qd5+ 63. Kc8 Qe6+ 64. Kd8 Qd5+ 65. Kc8 Qe6+ 66. Kd8 Qd5+ 1/2-1/2


[Site "https://www.chess.com"]

[Event "Titled Tuesday Blitz June 21 Late 2022"]
[White "Estrada Nieto, Julian"]
[Black "Winkels, Marcel"]
[WhiteFideId "5101018"]
[BlackFideId "1003887"]
[WhiteElo "2252"]
[BlackElo "1900"]
[Result "1-0"]
[Round "04"]
[TimeControl "180+1"]
[Date "2022.06.22"]
[WhiteClock "0:02:28"]
[BlackClock "0:01:53"]

1. e4 c5 2. Nf3 e6 3. c3 Nf6 4. e5 Nd5 5. Bc4 Nb6 6. Bb3 d6 7. d4 cxd4 8. cxd4 Nc6 9. Qe2 Be7 10. O-O O-O 11. Nc3 dxe5 12. dxe5 Nd4 13. Nxd4 Qxd4 14. Rd1 Qh4 15. Be3 Nd7 16. Rd4 1-0


[Site "https://www.chess.com"]

[Event "Titled Tuesday Blitz June 21 Late 2022"]
[White "Fedoseev, Vladimir"]
[Black "Arabidze, Meri"]
[WhiteFideId "24130737"]
[BlackFideId "13604040"]
[WhiteElo "2726"]
[BlackElo "2335"]
[Result "1-0"]
[Round "04"]
[TimeControl "180+1"]
[Date "2022.06.21"]
[WhiteClock "0:01:44"]
[BlackClock "0:00:04"]

1. e4 c5 2. Nf3 e6 3. d4 cxd4 4. Nxd4 Nc6 5. Nc3 a6 6. Nxc6 bxc6 7. Bd3 d5 8. Qe2 Nf6 9. O-O Bb7 10. f4 Qc7 11. f5 e5 12. Bg5 d4 13. Nd1 c5 14. b3 c4 15. bxc4 Bc5 16. Kh1 h6 17. Bh4 Qc6 18. Nf2 O-O 19. Rab1 Nh7 20. f6 g5 21. Bg3 Rfe8 22. Ng4 Bf8 23. Nxe5 Qc8 24. Qh5 Rxe5 25. Bxe5 Bc6 26. Bxd4 Qe6 27. Qf3 Rd8 28. c3 g4 29. Qf5 Ng5 30. Rb6 Qxf5 31. Rxf5 Bxe4 32. Rxg5+ 1-0


[Site "https://www.chess.com"]

[Event "Titled Tuesday Blitz June 21 Late 2022"]
[White "Flynn, Jacob"]
[Black "Adewumi, Tanitoluwa"]
[WhiteFideId "2509393"]
[BlackFideId "30966396"]
[WhiteElo "1896"]
[BlackElo "2530"]
[Result "0-1"]
[Round "04"]
[TimeControl "180+1"]
[Date "2022.06.22"]
[WhiteClock "0:00:01"]
[BlackClock "0:00:20"]

1. d4 Nf6 2. c4 e6 3. g3 d5 4. Bg2 Bb4+ 5. Nd2 O-O 6. Nf3 c5 7. dxc5 Bxc5 8. cxd5 exd5 9. O-O Nc6 10. Nb3 Bb6 11. Nfd4 Re8 12. Bf4 Bg4 13. Re1 Qd7 14. Nxc6 bxc6 15. Rc1 Ne4 16. Nd4 c5 17. Nf3 c4 18. Nd4 Bh3 19. Be3 Bxg2 20. Kxg2 Rad8 21. b3 c3 22. Qd3 h5 23. f3 Nd6 24. Rxc3 Re5 25. b4 Rxe3 26. Qxe3 Nf5 27. Qd3 Bxd4 28. Rb3 Ne3+ 29. Kh1 Qh3 30. Rg1 Nf1 31. Qxd4 Qxh2# 0-1


[Site "https://www.chess.com"]